 Dungeon Crawl Stone Soup version 0.29.1-12-g30fa7ad0bf (webtiles) character file.

Game seed: 14726223285868726916

262 wormed the Trooper (level 6, -9/39 HPs)
             Began as a Gargoyle Fighter on Dec 21, 2022.
             Was a Follower of Zin.
             Killed by an exploding goblin (18 damage)
             ... ignited by their inner flame
             ... on level 4 of the Dungeon.
             The game lasted 00:04:18 (2939 turns).

wormed the Trooper (Gargoyle Fighter)               Turns: 2939, Time: 00:04:21

Health: -9/39      AC: 11    Str: 21    XL:     6   Next: 18%
Magic:  6/6        EV:  9    Int:  9    God:    Zin [*.....]
Gold:   135        SH:  4    Dex:  9    Spells: 5/5 levels left

rFire   . . .      SeeInvis .   a - +0 flail
rCold   . . .      Faith    .   c - +0 buckler
rNeg    + . .      Spirit   .   l - +0 scale mail
rPois   ∞          Reflect  .   (no helmet)
rElec   +          Harm     .   (no cloak)
rCorr   .          Rampage  .   (no gloves)
Will    .....                   (no boots)
Stlth   ..........              (no amulet)
HPRegen 0.13/turn               (no ring)
MPRegen 0.10/turn               (no ring)

@: no status effects
A: sickness immunity, AC +4, negative energy resistance 1, electricity
resistance, torment resistance 1, petrification resistance
a: Renounce Religion, Recite, Donate Gold


You were on level 4 of the Dungeon.
You worshipped Zin.
Zin was aware of your devotion.
You visited 1 branch of the dungeon, and saw 4 of its levels.

You collected 149 gold pieces.
You donated 14 gold pieces to Zin.

Inventory:

Hand Weapons
 a - a +0 flail (weapon)
Armour
 c - a +0 buckler (worn)
 l - a +0 scale mail (worn)
 p - the +1 robe "Jureom" {rN+ Will+ Stlth-}
   (You found it on level 2 of the Dungeon)

   rN:        It protects you from negative energy.
   Will:      It increases your willpower.
   Stlth:     It makes you less stealthy.
Wands
 b - a wand of roots (5)
Scrolls
 e - 2 scrolls of brand weapon {unknown}
 f - a scroll of enchant armour {unknown}
 h - 3 scrolls of blinking {unknown}
 j - 4 scrolls of immolation
 k - a scroll of fear {unknown}
 m - a scroll of identify {unknown}
 r - a scroll of poison {unknown}
 s - a scroll of summoning {unknown}
 t - 3 scrolls of teleportation {unknown}
 u - a scroll of amnesia {unknown}
 v - 2 scrolls of vulnerability {unknown}
 w - a scroll of butterflies {unknown}
 x - a scroll of torment {unknown}
 y - a scroll of silence {unknown}
Potions
 d - 2 potions of might
 g - a potion of heal wounds {unknown}
 i - a potion of brilliance {unknown}
 n - a potion of mutation {unknown}
 o - 3 potions of invisibility {unknown}
 q - 2 potions of attraction {unknown}


   Skills:
 + Level 4.4 Fighting
 * Level 4.2 Maces & Flails
 + Level 4.3 Armour
 + Level 4.3 Shields


You had 5 spell levels left.
You didn't know any spells.
Your spell library contained the following spells:

 Spells                   Type           Power      Damage    Failure   Level
 Necrotise                Necr           0%         1d4       80%         1
 Wereblood                Tmut           0%         N/A       91%         2
 Vampiric Draining        Necr           0%         2d6       99%         3
 Agony                    Necr           0%         N/A       100%        5
 Summon Hydra             Summ           0%         N/A       100%        7
 Sublimation of Blood     Necr           Unusable   N/A       N/A         2

Dungeon Overview and Level Annotations

Branches:
Dungeon (4/15)
 Temple: D:4-7

Altars:
Ashenzari
Xom
Zin

Annotations:
D:4 Robin


Innate Abilities, Weirdness & Mutations

You are immune to sickness and miasma.
Your stone body is resilient. (AC +4)
You are immune to poison.
You resist negative energy. (rN+)
You are resistant to electric shocks. (rElec)
You are resistant to unholy torment.
You are immune to petrification.


Message History

You are too injured to fight recklessly!
You are too injured to fight recklessly!
You are too injured to fight recklessly!
You are too injured to fight recklessly!
You are too injured to fight recklessly!
You are too injured to fight recklessly!
You are too injured to fight recklessly!
You are too injured to fight recklessly!
You are too injured to fight recklessly!
You are too injured to fight recklessly!
You are too injured to fight recklessly!
You closely miss the goblin. The goblin hits you with a +0 club. x2
The goblin barely misses you. The goblin hits you with a +0 club.
* * * LOW HITPOINT WARNING * * *
You block the goblin's attack. The goblin hits you but does no damage.
The goblin closely misses you. You block the goblin's attack.
As you read the scroll labelled SIMAHI MEIGRE, it crumbles to dust.
The creatures around you are filled with an inner flame!
It was a scroll of immolation.
The goblin no longer looks unusually strong.
You block the goblin's attack. The goblin hits you but does no damage.
The goblin closely misses you. The goblin hits you but does no damage.
Robin says, "A pitiful Gargoyle like you will never find the ORB!"
Press: ? - help, v - describe, . - travel
Here: Robin, wielding a +0 spear, wearing a +0 animal skin and wearing a +2 helmet (inner flame)
The floor.
Aiming: Fastroot
Press: ? - help, Shift-Dir - straight line, f - goblin
Aim: a goblin, wielding a +0 club (inner flame)
The roots erupt in riotous growth!
Roots grab the goblin.
Roots grab the hobgoblin.
The grasping roots constrict the goblin!
The grasping roots constrict the hobgoblin.
Flame seeps out of the hobgoblin.
You hear an angry hiss.
The goblin no longer looks unusually strong.
The goblin explodes!
The fiery explosion engulfs the hobgoblin!!
The fiery explosion engulfs you!!
You die...

####### .. #..'..#
.### #..#..# ...<
####'###'### ..#
#..'.....'.. .g.
#..#.....#.. #○#
####.....### #§#
#..#..†..#..
###@#####..#.....#.†
#.ggg...#'####'####'
#.#.####............
#.#.###.............
....................
#........#'####'####'
#...######..#.....#..
#### #..#..†..#..
####.....###


You could see Robin (inner flame) and 3 goblins.

Vanquished Creatures
  2 jellies (D:3)
  Jessica (D:2)
  10 adders
  2 worms (D:3)
  A dart slug (D:2)
  2 orcs (D:3)
  An endoplasm (D:2)
  2 giant cockroaches
  8 hobgoblins
  2 iguanas
  3 kobolds
  A quokka (D:1)
  7 ball pythons
  7 bats
  5 frilled lizards
  8 goblins
  2 rats
64 creatures vanquished.

Vanquished Creatures (others)
  A fungus (D:2)
  A plant (D:2)
2 creatures vanquished.

Grand Total: 66 creatures vanquished

Notes
Turn   | Place    | Note
-------+----------+-------------------------------------------
     0 | D:1      | wormed the Gargoyle Fighter began the quest for the Orb.
     0 | D:1      | Reached XP level 1. HP: 14/14 MP: 1/1
   292 | D:1      | Reached XP level 2. HP: 19/19 MP: 2/2
   941 | D:2      | Noticed Jessica
   950 | D:2      | Killed Jessica
   951 | D:2      | Reached XP level 3. HP: 16/24 MP: 3/3
  1114 | D:2      | Identified the +1 robe "Jureom" {rN+ Will+ Stlth-}
  1452 | D:2      | Reached XP level 4. HP: 29/29 MP: 4/4
  1722 | D:2      | Found a faded altar of an unknown god.
  1792 | D:3      | Reached XP level 5. HP: 27/33 MP: 5/5
  1849 | D:3      | Found a shimmering altar of Xom.
  2015 | D:3      | Found a glowing silver altar of Zin.
  2064 | D:3      | Found a broken altar of Ashenzari.
  2430 | D:3      | Became a worshipper of Zin the Law-Giver
  2430 | D:3      | Reached * piety under Zin
  2768 | D:4      | Reached XP level 6. HP: 39/39 MP: 6/6
  2923 | D:4      | Noticed Robin
  2939 | D:4      | Killed by an exploding goblin... ignited by their inner
                  | flame

Illustrated notes

Levels and vault maps discovered:
D:1:      ebering_trefoil_twist, layout_basic
D:2:      layout_loops_cross, shapermc_ecumenical_altar_mp_urbaneastern,
          uniq_jessica
D:3:      layout_rooms, ashenzari_conservatory_becter, lemuel_tele_altar,
          dk_xom_monty_hall
D:4:      layout_loops_ring, minmay_snake_closets, uniq_robin

Skill      XL: |  1  2  3  4  5 |
---------------+----------------+-----
Maces & Flails | 3 4 |  4.2
Fighting       | 4 |  4.4
Armour         | 4 |  4.3
Shields        | 4 |  4.3

Action                   |  1- 3 |  4- 6 || total
-------------------------+-------+-------++-------
Melee: Flail             |    91 |   165 ||   256
Evoke: Wand              |       |     1 ||     1
  Use: Scroll            |       |     1 ||     1
Armor: Scale mail        |    62 |    97 ||   159
Dodge: Dodged            |    35 |    83 ||   118
Block: Buckler           |    23 |    32 ||    55
